 Dungeon Crawl Stone Soup version 0.14.0-15-g6b16f67 (webtiles) character file.

7566 Heini the Basher (level 10, -18/93 HPs)
             Began as a Minotaur Fighter on Apr 18, 2014.
             Was an Elder of Okawaru.
             Demolished by a hill giant
             ... wielding a +0,+0 giant club
              (29 damage)
             ... on Level 9 of the Dungeon.
             The game lasted 00:36:22 (8194 turns).

Heini the Basher (Minotaur Fighter)                 Turns: 8194, Time: 00:36:24

HP -18/93        AC 21     Str 24      XL: 10   Next: 77%
MP   4/4         EV  5     Int  5      God: Okawaru [****..]
Gold 741         SH 20     Dex 14      Spells:  0 memorised,  9 levels left

rFire  . . .     SeeInvis .     V - +0,+2 flail (drain)
rCold  . . .     Clarity  .     p - +0 plate armour
rNeg   . . .     Conserve .     c - +0 shield
rPois  .         rCorr    .     (helmet restricted)
rElec  .         rRot     .     R - +0 cloak
SustAb . .       Spirit   .     t - +0 pair of gloves
rMut   .         Warding  .     l - +0 pair of boots (curse)
Gourm  +         Stasis   .     s - amulet of the gourmand
MR     .....                    y - +2 ring of protection
                                m - +4 ring of dexterity

@: lethally poisoned, slowed, very slow, not resistant to hostile enchantments,
extremely unstealthy
A: retaliatory headbutt, horns 2
a: Heroism, Renounce Religion


You were on level 9 of the Dungeon.
You worshipped Okawaru.
Okawaru was greatly pleased with you.
You were full.

You visited 2 branches of the dungeon, and saw 11 of its levels.
You also visited: Sewer.

You collected 741 gold pieces.

Inventory:

Hand weapons
 a - a +1,+1 flail
 V - a +0,+2 flail of draining (weapon)
Armour
 c - a +0 shield (worn)
 h - a +0 pair of gloves
 l - a cursed +0 pair of boots (worn)
 p - a +0 plate armour (worn)
 t - a +0 pair of gloves (worn)
 R - a +0 cloak (worn)
Magical devices
 D - a wand of fireball (2) {unknown}
 F - a wand of random effects (15) {unknown}
 S - a wand of disintegration (9)
 Y - a wand of magic darts (9)
Comestibles
 d - 4 bread rations
 q - 12 pears
 r - 7 meat rations
 A - a banana
 Q - 8 strawberries
 T - a lemon
 W - 6 apples
 X - a choko
Scrolls
 b - a scroll of enchant weapon II
 g - a scroll of acquirement {unknown}
 o - 2 scrolls of fog
 w - 2 scrolls of fear
 E - a scroll of immolation
 H - 3 scrolls of teleportation
 O - 5 scrolls of remove curse {unknown}
 P - a scroll of random uselessness {unknown}
Jewellery
 m - a +4 ring of dexterity (left hand)
 n - an uncursed ring of wizardry
 s - an amulet of the gourmand (around neck)
 x - an uncursed ring of protection from fire
 y - a +2 ring of protection (right hand)
 U - an uncursed amulet of conservation
Potions
 e - 4 potions of might
 f - 8 potions of curing
 i - 2 potions of berserk rage
 k - 2 potions of heal wounds
 u - a potion of restore abilities
 v - 3 potions of flight
 z - 2 potions of magic
 B - 6 potions of haste
 C - 2 potions of agility
 I - a potion of paralysis {unknown}
 J - a potion of porridge
 L - 2 potions of brilliance {unknown}
 N - 2 potions of resistance {unknown}
Books
 K - a book of Enchantments

   Spells                             Type                      Level
   Cause Fear                         Hexes                        4
   Silence                            Hexes/Air                    5
   Tukima's Dance                     Hexes                        5
   Deflect Missiles                   Charms/Air                   6
   Haste                              Charms                       6
   Discord                            Hexes                        8
 M - a book of Necromancy

   Spells                             Type                      Level
   Pain                               Necromancy                   1
   Animate Skeleton                   Necromancy                   1
   Lethal Infusion                    Charms/Necromancy            2
   Vampiric Draining                  Necromancy                   3
   Regeneration                       Charms/Necromancy            3
   Animate Dead                       Necromancy                   4
   Control Undead                     Necromancy                   4


   Skills:
 * Level 10.0 Fighting
 * Level 12.9 Maces & Flails
 * Level 11.8 Armour
 - Level 3.7 Shields
 + Level 0.2 Invocations


You had 9 spell levels left.
You didn't know any spells.

Dungeon Overview and Level Annotations

Branches:
Dungeon (10/15)            Temple (1/1) D:6
    Orc: D:9-12        Lair: D:8-11

Altars:
Ashenzari
Cheibriados
Dithmenos
Elyvilon
Fedhas
Kikubaaqudgha
Makhleb
Nemelex Xobeh
Okawaru
Sif Muna
Trog
Vehumet
Xom
Yredelemnul
Zin
The Shining One

Shops:
D:5 %

Annotations:
D:10 Sonja


Innate Abilities, Weirdness & Mutations

You reflexively headbutt those who attack you in melee.
You have a pair of horns on your head.


Message History

The hill giant hits you with a giant club!
The hill giant hits you but does no damage.
You feel sick.
There is a stone staircase leading up here.
You see here 6 curare-tipped needles.
You have got your breath back.
You feel sick.
The hill giant hits you with a giant club! x2
You climb upwards.
You feel sick.
There is a stone staircase leading down here.
You bludgeon the hill giant!! You headbutt the hill giant.
The hill giant is moderately wounded.
The hill giant barely misses you. You block the hill giant's attack.
You sock the hill giant! You drain the hill giant!
The hill giant is severely wounded.
You feel sick.
The hill giant hits you with a giant club!
* * * LOW HITPOINT WARNING * * *
The hill giant hits you with a giant club!
You die...

.....#
##...###
.....##
##....#
##....#
##....##
#.....#
#.....#
....###
#...###
....#
#....#
..###
##...##
..#
#..CC#
###
##..@####
##
#......#
.#
##.....##
.#
##.....#
.#
###...#
## #....#
# ##...##
#....#
##...##


You could see 2 hill giants.

Vanquished Creatures
  Pikel (D:5)
  The ghost of heinrich the Basher, an experienced GrFi of Makhleb (D:8)
  A feature mimic (D:8)
  Grinder (D:5)
  Prince Ribbit (D:7)
  Eustachio (D:4)
  5 yaks (D:9)
  Menkaure (D:4)
  The ghost of elenap21 the Covered, an average TeAK of Lugonu (D:3)
  An ice beast (D:7)
  2 phantoms
  A giant goldfish (D:6)
  A two-headed ogre (D:8)
  3 yellow wasps (D:9)
  3 orc warriors
  4 centaurs
  An ogre (D:7)
  Sigmund (D:4)
  17 big kobolds
  5 giant frogs
  A wyvern zombie (D:7)
  4 scorpions
  4 wights (D:6)
  A vampire bat (D:8)
  4 hounds
  2 iron imps (D:4)
  6 crimson imps
  Crazy Yiuf (D:7)
  A giant frog zombie (D:7)
  A giant frog skeleton (D:4)
  6 orc wizards
  Natasha (twice) (D:4)
  7 worker ants
  Ijyb (D:7)
  An ogre skeleton (D:6)
  12 adders
  9 gnolls
  An inept item mimic (D:6)
  A shadow imp (D:4)
  A worm (D:3)
  An orc skeleton (D:5)
  2 giant eyeballs
  A giant gecko (D:7)
  An ooze (D:3)
  30 orcs
  3 bat skeletons (D:8)
  2 bat zombies (D:8)
  10 hobgoblins
  6 jackals (D:6)
  27 kobolds
  8 quokkas
  4 ball pythons
  17 bats
  5 giant cockroaches
  A giant gecko skeleton (D:4)
  29 giant newts
  9 goblins
  A kobold skeleton (D:4)
  16 rats
  A ballistomycete (D:6)
  A fungus (D:7)
293 creatures vanquished.

Vanquished Creatures (others)
  A slave (D:8)
  A crimson imp (D:5)
  A hound (D:5)
  An adder (D:5)
  An ooze (D:5)
  A giant cockroach (D:5)
  A goblin (D:5)
  A hobgoblin (D:5)
  A kobold (D:8)
  A giant spore (D:6)
10 creatures vanquished.

Grand Total: 303 creatures vanquished

Notes
Turn   | Place    | Note
--------------------------------------------------------------
     0 | D:1      | Heini, the Minotaur Fighter, began the quest for the Orb.
     0 | D:1      | Reached XP level 1. HP: 19/19 MP: 1/1
   185 | D:1      | Reached skill level 4 in Armour
   189 | D:1      | Reached XP level 2. HP: 27/27 MP: 1/1
   535 | D:2      | Reached XP level 3. HP: 29/33 MP: 2/2
  1356 | D:2      | Found a deep blue altar of Sif Muna.
  1359 | D:2      | Found a blossoming altar of Fedhas.
  1442 | D:3      | Reached XP level 4. HP: 37/40 MP: 2/2
  1462 | D:3      | Noticed elenap21's ghost (average TeAK)
  1473 | D:3      | Reached skill level 5 in Armour
  1476 | D:3      | Killed elenap21's ghost
  1476 | D:3      | Reached XP level 5. HP: 34/47 MP: 2/2
  1540 | D:3      | Reached skill level 5 in Fighting
  1645 | D:3      | Noticed a phantom
  1683 | D:3      | Killed a phantom
  1683 | D:3      | Reached skill level 6 in Armour
  1683 | D:3      | Reached XP level 6. HP: 22/56 MP: 3/3
  1781 | D:3      | Reached skill level 5 in Maces & Flails
  2046 | D:3      | Found a glowing drain.
  2050 | Sewer    | Entered a sewer
  2350 | D:4      | Noticed Eustachio
  2369 | D:4      | Killed Eustachio
  2369 | D:4      | Reached XP level 7. HP: 63/63 MP: 3/3
  2429 | D:4      | Noticed Natasha
  2433 | D:4      | Killed Natasha
  2446 | D:4      | Reached skill level 7 in Armour
  2485 | D:4      | Noticed Sigmund
  2512 | D:4      | Killed Sigmund
  2547 | D:4      | Noticed Natasha
  2557 | D:4      | Killed Natasha
  2641 | D:4      | Noticed Menkaure
  2647 | D:4      | Killed Menkaure
  2944 | D:5      | Entered Level 5 of the Dungeon
  2951 | D:5      | Noticed Pikel
  2971 | D:5      | Killed Pikel
  2971 | D:5      | Reached skill level 8 in Armour
  2971 | D:5      | Reached XP level 8. HP: 29/73 MP: 3/3
  3569 | D:5      | Reached skill level 9 in Armour
  3696 | D:5      | Found Klyf's Food Shoppe.
  3818 | D:5      | Noticed Grinder
  3833 | D:5      | Killed Grinder
  4085 | D:6      | Reached XP level 9. HP: 80/80 MP: 4/4
  4091 | D:6      | Got a fine robe
  4105 | D:6      | Identified the -3 robe of Variability {Str+1 Dex+3} (You found it on level 6 of the Dungeon)
  4576 | D:6      | Reached skill level 10 in Armour
  4631 | D:6      | Found a staircase to the Ecumenical Temple.
  4635 | Temple   | Entered the Ecumenical Temple
  4688 | Temple   | Became a worshipper of Warmaster Okawaru
  5241 | D:7      | Noticed Prince Ribbit
  5246 | D:7      | Reached skill level 10 in Maces & Flails
  5263 | D:7      | Killed Prince Ribbit
  5452 | D:7      | Acquired Okawaru's first power
  5468 | D:7      | Noticed Crazy Yiuf
  5477 | D:7      | Killed Crazy Yiuf
  5520 | D:7      | Noticed Ijyb
  5528 | D:7      | Killed Ijyb
  6205 | D:8      | Reached skill level 11 in Maces & Flails
  6235 | D:8      | HP: 4/83 [poisoned by a centaur]
  6242 | D:8      | HP: 4/83 [poisoned by a centaur]
  6250 | D:8      | HP: 4/83 [poisoned by a centaur]
  6564 | D:8      | Noticed heinrich's ghost (experienced GrFi)
  6566 | D:8      | Paralysed by a giant eyeball for 4 turns
  6579 | D:8      | Paralysed by a giant eyeball for 3 turns
  6597 | D:8      | Killed heinrich's ghost
  6597 | D:8      | Reached XP level 10. HP: 57/91 MP: 4/4
  7117 | D:8      | Found an ancient bone altar of Kikubaaqudgha.
  7143 | D:8      | Reached skill level 12 in Maces & Flails
  8015 | D:9      | Reached skill level 10 in Fighting
  8147 | D:9      | Found a radiant altar of Vehumet.
  8148 | D:9      | Found a white marble altar of Elyvilon.
  8181 | D:10     | Entered Level 10 of the Dungeon
  8181 | D:10     | Noticed Sonja
  8181 | D:10     | Noticed a hill giant
  8184 | D:10     | Noticed a hill giant
  8194 | D:9      | Demolished by a hill giant

Action                   |  1- 3 |  4- 6 |  7- 9 | 10-12 || total
-------------------------+-------+-------+-------+-------++-------
Melee: Flail             |   108 |   177 |   392 |   229 ||   906
Invok: Heroism           |       |       |       |     1 ||     1
  Use: Scroll            |     5 |     5 |       |    11 ||    21
       Potion            |       |       |     1 |       ||     1
